 Dungeon Crawl Stone Soup version 0.29-a0-962-gc8bbfd0a37 (webtiles) character file.

Game seed: 8213764733666296370

15 spiderkeys the Poker (level 2, 0/21 HPs)
             Began as an Octopode Chaos Knight on July 31, 2022.
             Was a Plaything of Xom.
             Slain by a goblin
             ... wielding a +0 club
              (4 damage)
             ... on level 2 of the Dungeon.
             The game lasted 00:01:24 (393 turns).

spiderkeys the Poker (Octopode Chaos Knight)         Turns: 393, Time: 00:01:26

Health: 0/21       AC:  1    Str: 11    XL:     2   Next: 50%
Magic:  2/2        EV: 13    Int: 14    God:    Xom [....*.]
Gold:   29         SH:  0    Dex: 11    Spells: 1/1 levels left

rFire   + . .      SeeInvis .   a - +0 spear (chaos)
rCold   x . .      Faith    .   (no shield)
rNeg    . . .      Spirit   .   (helmet restricted)
rPois   .          Reflect  .   g - amulet of magic regeneration
rElec   .          Harm     .   F - ring of fire
rCorr   .          Rampage  .   (no ring)
Will    .....                   (no ring)
Stlth   ++........              (no ring)
HPRegen 0.07/turn               (no ring)
MPRegen 0.48/turn               (no ring)
                                (no ring)
                                (no ring)

@: no status effects
A: almost no armour, amphibious, 8 rings, camouflage 1, gelatinous body 1,
(nimble swimmer 1), tentacles
a: Renounce Religion


You were on level 2 of the Dungeon.
You worshipped Xom.
You were a beloved toy of Xom.
You visited 1 branch of the dungeon, and saw 2 of its levels.

You collected 29 gold pieces.


Innate Abilities, Weirdness & Mutations

You cannot wear most types of armour.
You are amphibious.
You can wear up to eight rings at the same time.
Your skin changes colour to match your surroundings (Stealth+).
Your rubbery body absorbs attacks. (AC +1, EV +1)
((You are camouflaged when in or above water. (Stealth+)))
You have tentacles for arms and can constrict up to eight enemies at once.


   Skills:
 + Level 3.2 Fighting
 + Level 3.2 Polearms
 + Level 2.7 Dodging


You had one spell level left.
You didn't know any spells.
Your spell library was empty.

Inventory:

Hand Weapons
 a - a +0 spear of chaos (weapon)
Missiles
 l - 2 stones
Jewellery
 g - an amulet of magic regeneration (around mantle)
   (You found it on level 2 of the Dungeon)
 F - a ring of fire (left tentacle)
   (You found it on level 2 of the Dungeon)
Wands
 i - a wand of polymorph (6)
   (You found it on level 2 of the Dungeon)
Scrolls
 c - a scroll of fear {unknown}
 d - a scroll of identify {unknown}
 e - a scroll of noise {unknown}
 f - a scroll of butterflies {unknown}
 j - a scroll of enchant armour {unknown}
Potions
 h - a potion of heal wounds {unknown}
 k - a potion of curing {unknown}
Miscellaneous
 b - a piece from Xom's chessboard (15/15) (quivered)

Dungeon Overview and Level Annotations

Branches:
Dungeon (1/15) Zot: 11608

Altars:

Annotations:
D:2 Robin, Sigmund

......#.#......
)..............
...............
#................ ####
##................ ...#
.>.. ........... ...##
##.#####......... .....
#........Y.......
...######.......@g.......
................####..#..
...# ###.......# ....
...# #..)....### ...
...######........... ..
.................... .
#########<......####
#.......# #.......#


You could see a goblin (ally target) and a friendly ice beast (summoned).


Message History

Unknown command.
k - a fizzy coppery potion
There is a stone staircase leading up here.
You feel more attuned to fire.
F - a ring of fire (left tentacle) Inscribe with what?
Okay, then.
Unknown command.
You start putting on your amulet.
You continue putting on your amulet of magic regeneration. x4
The kobold shouts!
You continue putting on your amulet of magic regeneration.
You finish putting on your amulet of magic regeneration.
g - an amulet of magic regeneration (around mantle)
The kobold barely misses you.
You barely miss the kobold. Your grab misses the kobold.
The kobold barely misses you.
You closely miss the kobold. Your grab misses the kobold.
The kobold completely misses you.
You hit the kobold. You burn the kobold.
You kill the kobold!
l - 2 stones
Things that are here:
a +0 dagger; a kobold corpse A giant cockroach and a jackal come into view.
A goblin and a jackal come into view.
The goblin shouts!
The hobgoblin shouts!
The jackal barks! x3
You hit the giant cockroach but do no damage.
Your grab misses the giant cockroach.
The jackal bites you but does no damage.
The giant cockroach bites you. 😕 HP[-1]
You take 1 damage, and now have 20/21 hp.
You hit the giant cockroach.
You kill the giant cockroach!
The jackal bites you. The jackal closely misses you. 😕 HP[-3]
You take 3 damage, and now have 17/21 hp. 😕 HP[+1] Unknown command.
You hit the jackal but do no damage. You grab the jackal.
You constrict the jackal, but do no damage.
The jackal bites you but does no damage.
You hit the jackal. You constrict the jackal. Xom's power flows through you!
A chill wind blows around you.
You are now a beloved toy of Xom.
The jackal closely misses you.
The jackal escapes!
The jackal barely misses you.
You barely miss the jackal. You grab the jackal. You constrict the jackal.
The jackal bites you. The jackal closely misses you. 😕 HP[-1]
You take 1 damage, and now have 17/21 hp.
You hit the jackal but do no damage. Your grab misses the jackal.
You squeeze the jackal.
You constrict the jackal, but do no damage.
Your ice beast closely misses the jackal.
The jackal barely misses you. The jackal misses you.
The goblin closely misses you.
You hit the jackal.
The jackal resists with significant effort.
Your grab misses the jackal. You constrict the jackal. The jackal misses you.
The jackal barely misses you.
Your ice beast hits the jackal but does no damage.
The hobgoblin barely misses you. The goblin hits you but does no damage.
The jackal bites you. The jackal closely misses you. 😮 HP[-3]
You take 3 damage, and now have 14/21 hp.
You hit the jackal. Lightning courses through the jackal!!
You kill the jackal!
Your ice beast hits the jackal.
The jackal dies!
The hobgoblin hits you.
* * * LOW HITPOINT WARNING * * *
The goblin closely misses you. 😨 HP[-4]
You take 4 damage, and now have 10/21 hp.
Unknown command.
You closely miss the jackal. You grab the jackal. You squeeze the jackal.
You constrict the jackal, but do no damage.
The jackal closely misses you.
Your ice beast barely misses the jackal.
The hobgoblin closely misses you. The goblin hits you with a +0 club.
* * * LOW HITPOINT WARNING * * *
😨 HP[-2]
You take 2 damage, and now have 8/21 hp.
You hit the jackal.
You kill the jackal!
The hobgoblin closely misses you. The goblin hits you with a +0 club.
* * * LOW HITPOINT WARNING * * *
😱 HP[-4]
You take 4 damage, and now have 4/21 hp.
You hit the hobgoblin but do no damage.
Lightning courses through the hobgoblin!
You kill the hobgoblin!
Your ice beast barely misses the goblin.
The goblin hits you with a +0 club.
You die... "It's all fun and games until someone loses an eye."

Action                   || total
-------------------------++-------
Melee: Spear             ||    31
       Constrict         ||     7
       Tentacles         ||     3
 Stab: Invisible         ||     1
       Sleeping          ||     1
Armor: Skin              ||     4
Dodge: Dodged            ||    23

Levels and vault maps discovered:
D:1:      lightli_arrival_noodles, layout_rooms
D:2:      layout_rooms, uniq_robin, uniq_sigmund

Notes
Turn   | Place    | Note
-------+----------+-------------------------------------------
     0 | D:1      | spiderkeys the Octopode Chaos Knight began the quest for
                  | the Orb.
     0 | D:1      | Reached XP level 1. HP: 16/16 MP: 1/1
     0 | D:1      | magus.rc [v1.11.3]
    31 | D:1      | You fall into a shaft and drop 1 floor!
   190 | D:2      | Noticed Sigmund
   202 | D:2      | XOM: potion effect (invisibility)
   202 | D:2      | Noticed Robin
   233 | D:2      | Reached XP level 2. HP: 20/21 MP: 2/2
   386 | D:2      | XOM: cast spell 'Summon Ice Beast'
   392 | D:2      | HP: 4/21 [goblin/+0 club (4)]
   393 | D:2      | Slain by a goblin

Vanquished Creatures
  A worm (D:2)
  An endoplasm (D:1)
  A giant cockroach (D:2)
  A goblin (D:2)
  A hobgoblin (D:2)
  2 jackals (D:2)
  2 kobolds (D:2)
  A quokka (D:2)
10 creatures vanquished.

Vanquished Creatures (collateral kills)
  A jackal (D:2)
1 creature vanquished.

Grand Total: 11 creatures vanquished

Table legend:
 A = Non-vault XP
 B = Vault XP
 C = Vault XP percentage of total XP
 D = Non-vault monster count
 E = Vault monster count
 F = Vault count percentage of total count
                 A         B        C        D         E       F
            +---------+---------+-------+---------+---------+-------
      Total |      22 |       2 |   8.3 |      10 |       1 |   9.1
            +---------+---------+-------+---------+---------+-------
        D:1 |       2 |       0 |   0.0 |       1 |       0 |   0.0
        D:2 |      20 |       2 |   9.1 |       9 |       1 |  10.0
            +---------+---------+-------+---------+---------+-------

Illustrated notes

Table legend:
 A = Kills in this place as a percentage of kills in entire the game.
 B = Kills by you in this place as a percentage of kills by you in the entire game.
 C = Kills by friends in this place as a percentage of kills by friends in the entire game.
 D = Other kills in this place as a percentage of other kills in the entire game.
 E = Experience gained in this place as a percentage of experience gained in the entire game.
 F = Experience gained in this place divided by the number of levels of this place that you have seen.
                   A       B       C       D       E      F
               +-------+-------+-------+-------+-------+----------------------
         Total | 100.0 | 100.0 | 100.0 |   N/A | 100.0 |  12.0
       Dungeon | 100.0 | 100.0 | 100.0 |   N/A | 100.0 |  12.0
               +-------+-------+-------+-------+-------+----------------------

Table legend: (Time is in decaauts)
 A = Elapsed time spent in this place.
 B = Non-inter-level travel time spent in this place.
 C = Inter-level travel time spent in this place.
 D = Time resting spent in this place.
 E = Time spent auto-exploring this place.
 F = Levels seen in this place.
 G = Mean time per level.
                   A        B        C        D        E       F      G
               +--------+--------+--------+--------+--------+-----+--------+
         Total |    390 |    390 |      0 |      0 |    162 |   2 |  195.0 |
       Dungeon |    390 |    390 |      0 |      0 |    162 |   2 |  195.0 |
               +--------+--------+--------+--------+--------+-----+--------+

Top non-repeatable levels by time:
     D:2: 360 daAuts
     D:1: 30 daAuts
